 Dungeon Crawl Stone Soup version 0.29.1-1-gd02db6906a (webtiles) character file.

Game seed: 6797465045450849767

46 safid the Shooter (level 3, -2/31 HPs)
             Began as a Minotaur Hunter on Oct 7, 2022.
             Slain by a gnoll
             ... wielding a +0 flail
              (11 damage)
             ... on level 1 of the Dungeon.
             The game lasted 00:01:22 (1234 turns).

safid the Shooter (Minotaur Hunter)                 Turns: 1234, Time: 00:01:23

Health: -2/31      AC:  3    Str: 15    XL:     3   Next: 46%
Magic:  2/2        EV: 12    Int:  6    God:
Gold:   69         SH:  0    Dex: 15    Spells: 2/2 levels left

rFire   . . .      SeeInvis .   a - +0 shortbow
rCold   . . .      Faith    .   (shield currently unavailable)
rNeg    . . .      Spirit   .   c - +0 leather armour
rPois   .          Reflect  .   (helmet restricted)
rElec   .          Harm     .   (no cloak)
rCorr   .          Rampage  .   (no gloves)
Will    .....                   (no boots)
Stlth   +.........              (no amulet)
HPRegen 0.10/turn               (no ring)
MPRegen 0.08/turn               (no ring)

@: no status effects
A: horns 2, retaliatory headbutt
a: no special abilities


You were on level 1 of the Dungeon.
You visited 1 branch of the dungeon, and saw 2 of its levels.

You collected 69 gold pieces.

Inventory:

Hand Weapons
 a - a +0 shortbow (weapon)
Armour
 c - a +0 leather armour (worn)
Scrolls
 b - a scroll of immolation
 d - 3 scrolls of identify {unknown}
 g - a scroll of fog {unknown}
 j - a scroll of acquirement {unknown}
Potions
 e - a potion of might {unknown}
 f - a potion of mutation {unknown}
 h - 2 potions of flight {unknown}
 i - a potion of degeneration {unknown}


   Skills:
 - Level 3.0 Fighting
 + Level 5.6 Ranged Weapons
 - Level 2.1 Dodging
 - Level 0.7 Stealth


You had 2 spell levels left.
You didn't know any spells.
Your spell library contained the following spells:

 Spells                   Type           Power      Damage    Failure   Level
 Ozocubu's Armour         Ice            0%         N/A       88%         3
 Metabolic Englaciation   Hex/Ice        0%         N/A       100%        5
 Simulacrum               Ice/Necr       0%         N/A       100%        6


Dungeon Overview and Level Annotations

Branches:
Dungeon (2/15)

Altars:


Innate Abilities, Weirdness & Mutations

You have a pair of horns on your head.
You reflexively headbutt those who attack you in melee.


Message History

The gnoll shouts!
You shoot an arrow.
The arrow hits the gnoll but does no damage.
A gnoll comes into view. It is wielding a +0 flail.
You shoot an arrow. The arrow hits the gnoll.
The gnoll is lightly wounded.
The gnoll hits you with a +0 club.
You shoot an arrow. The arrow barely misses the gnoll.
The gnoll hits you with a +0 club!
You shoot an arrow. The arrow hits the gnoll!
The gnoll is severely wounded.
The gnoll completely misses you.
The gnoll hits you from afar with a +0 spear.
The gnoll misses you. The gnoll hits you with a +0 club.
You are too injured to fight recklessly!
You are too injured to fight recklessly!
You are too injured to fight recklessly!
You are too injured to fight recklessly!
Unknown command.
You see here a +0 short sword.
The gnoll attacks as you move away! The gnoll closely misses you.
You furiously retaliate!
You headbutt the gnoll.
You kill the gnoll!
There is a stone staircase leading up here.
The gnoll closely misses you.
You climb upwards.
There is a stone staircase leading down here.
You climb downwards.
There is a stone staircase leading up here.
The gnoll hits you with a +0 flail.
* * * LOW HITPOINT WARNING * * *
You climb upwards.
There is a stone staircase leading down here.
Fire: a) +0 shortbow
Press: ? - help, Q - select action Shift-Dir - straight line, f - gnoll
Aim: a gnoll, wielding a +0 flail (65% to hit)
You shoot an arrow.
The arrow hits the gnoll but does no damage.
The gnoll hits you with a +0 flail!
You die...

.##....##+##..........#
.#....................#
.#....................#
.#....................#
##................(...#
.'....................#
##....................#
##.......)............#
.'..............@.....#
##..........####g######
############ #.# #.#
#.# #.# #.# #.# #.#


You could see a gnoll.

Vanquished Creatures
  A gnoll (D:2)
  A worm (D:2)
  A dart slug (D:2)
  4 ball pythons
  3 bats
  An endoplasm (D:1)
  4 goblins (D:1)
  2 hobgoblins (D:1)
  2 quokkas (D:1)
  3 frilled lizards
  8 kobolds
  2 rats
32 creatures vanquished.

Notes
Turn   | Place    | Note
-------+----------+-------------------------------------------
     0 | D:1      | safid the Minotaur Hunter began the quest for the Orb.
     0 | D:1      | Reached XP level 1. HP: 18/18 MP: 0/0
   136 | D:1      | Reached XP level 2. HP: 25/25 MP: 1/1
   496 | D:1      | Reached skill level 5 in Ranged Weapons
   537 | D:1      | Found a faded altar of an unknown god.
  1002 | D:2      | Reached XP level 3. HP: 31/31 MP: 2/2
  1234 | D:1      | Slain by a gnoll

Illustrated notes

Levels and vault maps discovered:
D:1:      sevenhm_arrival_forest_fort_large_2, layout_basic,
          shapermc_ecumenical_altar_petra, grunt_decor_arrowhead
D:2:      layout_rooms, minmay_misc_feat_pillars

Skill      XL: |  1  2 |
---------------+-------+-----
Fighting       | 3 |  3.0
Ranged Weapons | 5 |  5.6
Dodging        | |  2.1
Stealth        | |  0.7

Action                   || total
-------------------------++-------
 Fire: Shortbow          ||    81
Armor: Leather armour    ||     4
Dodge: Dodged            ||    18
